 Dungeon Crawl Stone Soup version 0.31-a0-845-g9abc20d24f (webtiles) character file.

Game seed: 12429773787947907151

16 Bnni the Vexing (level 2, 0/31 HPs)
             Began as a Formicid Hexslinger on Oct 3, 2023.
             Slain by Sigmund
             ... wielding a +0 scythe
              (4 damage)
             ... on level 2 of the Dungeon.
             The game lasted 00:01:52 (856 turns).

Bnni the Vexing (Formicid Hexslinger)                Turns: 856, Time: 00:01:53

Health: 0/31       AC: 21    Str: 12    XL:     2   Next: 70%
Magic:  3/4        EV:  2    Int: 12    God:
Gold:   57         SH:  0    Dex: 16    Spells: 1/3 levels left

rFire   . . .        a - +1 sling
rCold   . . .        c - orb {guile}
rNeg    . . .        h - melded +0 robe
rPois   +            (helmet unavailable)
rElec   .            e - melded +0 cloak
rCorr   .            (gloves currently unavailable)
SInv    .            (boots currently unavailable)
Will    .....        (no amulet)
Stlth   +            (no ring)
HPRegen 0.25/turn    (no ring)
MPRegen 0.09/turn

%: no passive effects
@: confused, tree-form, weak-willed
A: stationary, stasis, torment immunity, boosted hp, permanent stasis, dig
shafts and tunnels, (antennae 3), four strong arms
a: no special abilities


You were on level 2 of the Dungeon.
You were a tree.
You visited 1 branch of the dungeon, and saw 2 of its levels.

You collected 57 gold pieces.

Inventory:

Hand Weapons
 a - a +1 sling (weapon)
Armour
 c - an orb of guile (worn)
 e - a +0 cloak (melded)
 h - a +0 robe (melded)
Scrolls
 b - a scroll of poison
 d - 2 scrolls of fear {unknown}
 f - a scroll of amnesia {unknown}


   Skills:
 + Level 1.4 Fighting
 * Level 2.4 Ranged Weapons
 - Level 1.7 Dodging
 + Level 1.3 Spellcasting
 * Level 4.0 Hexes
 - Level 1.0 Fire Magic


You had one spell level left.
You knew the following spells:

 Your Spells              Type           Power      Damage    Failure   Level
a - Jinxbite              Hex            20%        N/A       9%          2

Your spell library contained the following spells:

 Spells                   Type           Power      Damage    Failure   Level
 Sigil of Binding         Hex            10%        N/A       17%         3
 Inner Flame              Hex/Fire       6%         N/A       30%         3
 Cause Fear               Hex            5%         N/A       50%         4
 Dimensional Bullseye     Hex/Tloc       2%         N/A       77%         4


Dungeon Overview and Level Annotations

Branches:
Dungeon (2/15)

Altars:

Annotations:
D:2 Sigmund


Innate Abilities, Weirdness & Mutations

You are a tree.
Your roots penetrate the ground, keeping you stationary.
You cannot be teleported.
You are immune to unholy pain and torment.
Your maximum health is greatly increased.
Your equipment is partially melded.
You cannot be hasted, slowed, berserked, paralysed or teleported.
You can dig through walls and to a lower floor.
((You have a pair of large antennae on your head. (SInv)))
Your four strong arms can wield two-handed weapons with a shield.


Message History

You shoot a sling bullet. The sling bullet hits Sigmund.
Sigmund is moderately wounded.
A giggling sprite leaps out and makes Sigmund trip over his own feet.
Sigmund is heavily wounded.
You shoot a sling bullet.
The sling bullet closely misses Sigmund.
A giggling sprite leaps out and doodles on Sigmund's face.
Sigmund is severely wounded.
The jinxing sprites lose interest in you.
Sigmund points at you and mumbles some strange words.
You are confused.
You shoot a sling bullet. You shoot a sling bullet. Sigmund misses you.
You shoot a sling bullet. Sigmund hits you with a +0 scythe!
You're too confused to move!
You feel less confused.
Sigmund hits you from afar with a +0 scythe.
Sigmund gestures at you while chanting. The magic dart hits you!
* * * LOW HITPOINT WARNING * * *
There is a stone staircase leading up, spattered with blood here.
Sigmund seems less drained.
Sigmund casts a spell at you.
You are confused.
In your confused state, you trip and fall back down the stairs.
* * * LOW HITPOINT WARNING * * *
Unknown command.
It was a potion of lignification.
You turn into a tree.
Your +0 cloak melds into your body.
Your +0 robe melds into your body.
Your roots penetrate the ground.
Sigmund gestures at you while chanting. You resist with significant effort.
You shoot a sling bullet.
Sigmund points at you and mumbles some strange words.
You are more confused.
You shoot a sling bullet.
Sigmund hits you from afar with a +0 scythe.
You die...
Sigmund begins carving another notch in his scythe.

..#. ... ..# # ...
.. #. ###.## ..
#...#.... .#
........##..###
#♣......#
#####+#+#.###...#
#........@###.. .
#.............#
#.............#
#.........###...#
#.........# #..
#######.<#.#.#####
#
#.................


You could see Sigmund.

Vanquished Creatures
  A bat (D:1)
  An endoplasm (D:1)
  7 goblins (D:1)
  A hobgoblin (D:1)
  2 kobolds (D:1)
  3 rats (D:1)
15 creatures vanquished.

Notes
Turn   | Place    | Note
-------+----------+-------------------------------------------
     0 | D:1      | Bnni the Formicid Hexslinger began the quest for the Orb.
     0 | D:1      | Reached XP level 1. HP: 15/15 MP: 2/2
   243 | D:1      | Reached XP level 2. HP: 17/21 MP: 3/3
   290 | D:1      | Learned a level 2 spell: Jinxbite
   600 | D:1      | Reached skill level 4 in Hexes
   766 | D:2      | Noticed Sigmund
   856 | D:2      | Slain by Sigmund

Illustrated notes

Levels and vault maps discovered:
D:1:      tarquinn_simple_flora_water_b, layout_loops_cross
D:2:      layout_basic, hellmonk_ecumenical_altar_pennies_from_heaven,
          minivault_25, uniq_sigmund, uniq_terence

Skill      XL: |  1  2 |
---------------+-------+-----
Hexes          | 4 |  4.0
Fighting       | |  1.4
Ranged Weapons | |  2.4
Dodging        | |  1.7
Spellcasting   | |  1.3
Fire Magic     | |  1.0

Action                     || total
---------------------------++-------
   Fire: Sling             ||    57
   Cast: Jinxbite          ||     2
    Use: Potion            ||     1
 Armour: Robe              ||    19
         Skin              ||     1
  Dodge: Dodged            ||    12

Table legend: (Time is in decaauts)
 A = Elapsed time spent in this place.
 B = Non-inter-level travel time spent in this place.
 C = Inter-level travel time spent in this place.
 D = Time resting spent in this place.
 E = Time spent auto-exploring this place.
 F = Levels seen in this place.
 G = Mean time per level.
                   A        B        C        D        E       F      G
               +--------+--------+--------+--------+--------+-----+--------+
         Total |    872 |    820 |     52 |     16 |    642 |   2 |  436.0 |
       Dungeon |    872 |    820 |     52 |     16 |    642 |   2 |  436.0 |
               +--------+--------+--------+--------+--------+-----+--------+

Top non-repeatable levels by time:
     D:1: 812 daAuts
     D:2: 60 daAuts
